Map: Sueño eterno EE

Players

Guackamo

  • Race: Protoss Protoss
  • League: Platinum
  • Spawn Location: 1:00

MrFercho - Winner!

  • Race: Zerg Zerg
  • League: Gold
  • Spawn Location: 7:00

VOD

Have the link to the VOD?

Description

Time

  • Played on: Aug. 17, 2020, 12:06 a.m.
  • Length: 11:29
Show
View Real Time Build Order
Export as new Build Order

Guackamo Protoss 

Build Orders:  

Get SALT Encoding   

  12  0:00  Probe  
  13  0:12  Probe  
  14  0:20  Pylon  
  14  0:24  Probe  
  15  0:38  Probe  
  15  0:42  Gateway  
  16  0:47  Assimilator  
  16  0:50  Assimilator  
  16  0:52  Probe  
  17  1:04  Probe  
  17  1:10  Gateway  
  18  1:16  Probe  
  19  1:28  Probe  
  20  1:34  Cybernetics Core  
  20  1:38  Pylon  
  20  1:42  Probe  
  21  1:53  Gateway  
  23  2:15  Stalker (Chrono Boost)  
  25  2:16  Stalker (Chrono Boost), Warp Gate (Chrono Boost)  
  25  2:32  Pylon  
  25  2:41  Stalker  
  25  2:42  Stalker  
  29  2:50  Pylon  
  29  3:00  Stalker  
  31  3:13  Stalker  
  33  3:55  Pylon  
  33  3:58  Stalker x2  
  33  3:59  Stalker  
  39  4:07  Gateway  
  39  4:18  Shield Battery  
  39  4:20  Shield Battery  
  39  4:25  Stalker  
  35  4:42  Stalker  
  35  4:43  Stalker  
  37  5:00  Stalker  
  39  5:22  Stalker x2  
  39  5:23  Stalker  
  45  5:29  Stalker  
  47  6:03  Stalker  
  47  6:04  Stalker x2  
  49  6:05  Stalker  
  36  6:40  Stalker x2  
  36  6:41  Stalker  
  36  6:42  Stalker  
  42  7:26  Nexus  
  42  7:39  Twilight Council  
  42  7:46  Robotics Facility  
  42  8:12  Nexus  
  42  8:18  Pylon  
  42  8:26  Blink  
  42  8:42  Assimilator  
  42  8:45  Assimilator  
  42  8:46  Probe (Chrono Boost)  
  44  8:56  Probe (Chrono Boost)  
  44  9:00  Probe (Chrono Boost)  
  46  9:06  Probe (Chrono Boost)  
  46  9:08  Probe (Chrono Boost)  
  45  9:17  Stalker  
  45  9:18  Stalker  
  45  9:24  Sentry x2  
  51  9:30  Probe  
  54  9:42  Probe  
  54  9:43  Sentry  
  54  9:44  Sentry  
  59  9:51  Stalker  
  59  9:52  Stalker  
  63  9:54  Probe (Chrono Boost)  
  64  10:03  Pylon  
  64  10:04  Pylon  
  64  10:06  Probe (Chrono Boost)  
  66  10:15  Probe (Chrono Boost)  
  66  10:22  Probe (Chrono Boost)  
  66  10:23  Probe (Chrono Boost)  
  66  10:26  Pylon  
  68  10:33  Probe (Chrono Boost)  
  68  10:34  Probe (Chrono Boost)  
  70  10:38  Probe (Chrono Boost)  
  70  10:41  Probe  
  70  10:42  Stargate x2  
  72  10:49  Probe  
Show
View Real Time Build Order
Export as new Build Order

MrFercho Zerg - Winner!

Build Orders: Hatch First 

Get SALT Encoding   

  12  0:00  Drone  
  13  0:11  Drone  
  14  0:17  Overlord  
  14  0:36  Drone x3  
  17  0:54  Hatchery  
  16  1:01  Drone x2  
  18  1:09  Extractor  
  17  1:15  Spawning Pool  
  16  1:18  Drone  
  16  1:22  Drone  
  18  1:31  Drone  
  19  1:43  Drone  
  20  1:51  Overlord  
  20  2:03  Queen  
  20  2:06  Queen  
  24  2:08  Zergling x4  
  24  2:14  Drone  
  27  2:19  Drone  
  28  2:24  Drone  
  29  2:53  Zergling x8  
  29  2:57  Queen  
  35  3:12  Overlord  
  35  3:14  Drone  
  35  3:19  Overlord x2  
  36  3:26  Metabolic Boost  
  36  3:32  Evolution Chamber  
  36  3:33  Drone  
  36  3:43  Zergling x14  
  36  3:45  Spine Crawler  
  41  3:51  Overlord  
  41  4:00  Lair  
  41  4:06  Queen  
  43  4:11  Drone x5  
  48  4:19  Zergling x2  
  49  4:24  Zergling x2  
  49  4:25  Zergling x4  
  49  4:35  Zergling x2  
  49  4:36  Zergling x8  
  47  4:41  Spine Crawler  
  47  4:42  Zerg Melee Weapons Level 1  
  42  5:02  Roach Warren  
  35  5:25  Zergling x10  
  40  5:34  Drone x3  
  43  5:36  Zergling x4  
  43  5:53  Roach  
  43  5:54  Roach x7  
  52  6:14  Spine Crawler, Roach x4  
  52  6:16  Overlord x2  
  58  6:30  Roach x2  
  58  6:32  Roach  
  58  6:33  Roach x2  
  56  6:43  Queen  
  56  6:46  Roach  
  68  6:47  Roach x4  
  68  6:49  Zergling x4  
  68  6:54  Drone  
  67  7:10  Spine Crawler  
  67  7:13  Spine Crawler  
  65  7:20  Extractor  
  64  7:24  Zerg Missile Weapons Level 1  
  64  7:26  Zergling x12  
  70  7:36  Drone  
  71  8:05  Drone x4  
  73  8:06  Drone  
  73  8:07  Overlord  
  73  8:08  Overlord x3  
  78  8:27  Roach x4  
  78  8:30  Ravager x2  
  78  8:33  Ravager  
  87  8:35  Zergling x2  
  87  8:36  Zergling x8  
  92  8:48  Hatchery  
  91  8:56  Hydralisk Den  
  84  9:26  Drone x4  
  84  9:27  Drone  
  84  9:29  Extractor  
  84  9:30  Extractor  
  87  9:34  Overseer  
  87  9:44  Roach  
  87  9:45  Roach x8  
  105  9:49  Drone  
  106  9:59  Queen  
  108  10:01  Overlord x2  
  108  10:05  Zergling x10  
  113  10:22  Zergling x12  
  119  10:36  Roach x4  
Tags
 
Matchup
PvZ
Replay Pack
MrFercho
Spawn Locations
Cross Positions
Add a new tag
Caveats
  • Supply blocks, unpowered buildings, or Contaminate may cause inaccurate times.
  • Supply counts are checked every 10 seconds.